AoeStats
← agent zouzou

Hideout

503744888Analyzed
3v3 RM · 1mo ago on Sep 2, 2026· 44m 12s· 6 players
Game mode
Random Map
Map size
Normal (6 player)
Population
200
Speed
Normal
Resources
Standard
Victory
Conquest
Starting age
Dark Age
Ending age
Imperial Age
RankedLock teamsTeams togetherTeam positionsShared explorationLock speedFull tech treeHidden civsTurbo modeCheats
Victory
Defeat
🇺🇸 Malay · United States
1173
+11
🇲🇽 Teutons · Mexico
1149
+12
🇨🇴 Khitans · Colombia
1098
+15
🇨🇦 Persians · Canada
1460
-28
🇨🇦 Bulgarians · Canada
895
-6
🇨🇦 Celts · Canada
847
-5
VIP IVORY
5:05 Loom
11:53 Feudal Age
15:22 Castle Age
13:14 Double-Bit Axe
15:52 Gold Mining
19:00 Husbandry
19:09 Scale Barding Armor
19:26 Horse Collar
21:32 Forging
23:14 Husbandry
28:23 Bow Saw
30:51 Wheelbarrow
30:01 Town Watch
31:19 Town Patrol
32:52 Gold Shaft Mining
33:51 Hand Cart
34:39 Iron Casting
33:56 Fletching
37:10 Imperial Age
35:52 Stone Mining
37:15 Padded Archer Armor
36:45 Elite Battle Elephant
39:05 Coinage
40:13 Blast Furnace
40:28 Stone Shaft Mining
40:31 Bodkin Arrow
41:08 Conscription
42:53 Banking
THE VIPER DANNY
4:27 Loom
11:01 Feudal Age
14:03 Wheelbarrow
13:34 Double-Bit Axe
14:36 Forging
19:24 Castle Age
18:45 Fletching
19:09 Gold Mining
20:00 Scale Barding Armor
21:47 Thumb Ring
23:20 Husbandry
25:08 Bow Saw
26:03 Chain Barding Armor
29:24 Padded Archer Armor
31:49 Iron Casting
31:10 Bodkin Arrow
37:47 Town Watch
39:15 Scale Mail Armor
42:04 Light Cavalry
CCM | Zero
10:35 Feudal Age
11:40 Loom
14:12 Castle Age
12:46 Double-Bit Axe
16:48 Loom
20:53 Fletching
22:26 Bodkin Arrow
27:28 Wheelbarrow
31:20 Imperial Age
30:24 Guard Tower
31:29 Gold Mining
33:53 Town Watch
34:40 Bloodlines
33:51 Cavalier
34:38 Scale Barding Armor
34:44 Forging
39:48 Chain Barding Armor
40:04 Iron Casting
39:40 Horse Collar
39:53 Stone Mining
41:41 Plate Barding Armor
43:05 Blast Furnace
42:06 Paladin
agent zouzou
12:57 Feudal Age
13:31 Gold Mining
13:29 Double-Bit Axe
13:28 Horse Collar
25:47 Castle Age
23:51 Horse Collar
29:56 Heavy Plow
39:00 Forging
38:52 Scale Mail Armor
43:30 Bow Saw
mini_mike
10:22 Feudal Age
9:48 Loom
14:33 Castle Age
13:01 Double-Bit Axe
15:28 Bow Saw
15:03 Horse Collar
19:50 Wheelbarrow
22:00 Fletching
22:16 Stone Mining
27:13 Bodkin Arrow
29:29 Hand Cart
36:47 Gold Mining
37:08 Bow Saw
40:56 Imperial Age
38:40 Scale Mail Armor
38:55 Pikeman
39:37 Squires
39:23 Arson
39:58 Town Watch
42:09 Chain Mail Armor
42:04 Forging
41:57 Halberdier
43:34 Forging
johannesboivin
6:06 Loom
9:34 Feudal Age
10:09 Feudal Age
17:00 Castle Age
17:29 Wheelbarrow
16:40 Double-Bit Axe
17:06 Horse Collar
17:20 Stone Mining
22:28 Gold Mining
25:33 Hand Cart
25:30 Town Watch
27:42 Heavy Plow
29:34 Town Patrol
30:40 Gold Shaft Mining
31:37 Forging
40:15 Imperial Age
37:47 Fletching
41:18 Iron Casting
40:44 Scale Mail Armor
40:49 Scale Barding Armor
42:16 Gambesons
42:33 Squires
43:21 Stirrups
Connection lost

Rejoining the realm…

Still unreachable

The connection could not be restored.

Session expired

The server has moved on; the page needs a fresh start.